 Dungeon Sprint DCSS version 0.30-a0-1163-gf69bf04e7a (webtiles) character file.

Game seed: 1672378106586688862

67 sircluck the Chopper (level 4, 0/45 HPs)
             Began as a Hill Orc Berserker on Apr 28, 2023.
             Was a Priest of Trog.
             Slain by a black bear (6 damage)
             ... in the Dungeon (Sprint IX: "|||||||||||||||||||||||||||||").
             The game lasted 00:00:46 (66 turns).

sircluck the Chopper (Hill Orc Berserker)             Turns: 66, Time: 00:00:48

Health: 0/45       AC:  2    Str: 21    XL:     4   Next: 18%
Magic:  4/4        EV: 12    Int:  7    God:    Trog [***...]
Gold:   0          SH:  0    Dex: 10    Spells: 3/3 levels left

rFire   . . .        a - +0 hand axe
rCold   . . .        (no shield)
rNeg    . . .        b - +0 animal skin
rPois   .            (no helmet)
rElec   .            (no cloak)
rCorr   .            (no gloves)
SInv    .            (no boots)
Will    .....        (no amulet)
Stlth   +            (no ring)
HPRegen 0.27/turn    (no ring)
MPRegen 0.09/turn

%: no teleportation
@: on berserk cooldown, slowed, very slow
A: no striking features
a: Renounce Religion, Berserk, Trog's Hand


You were in the Dungeon.
You worshipped Trog.
Trog was most pleased with you.
You visited 1 branch

Inventory:

Hand Weapons
 a - a +0 hand axe (weapon)
Armour
 b - a +0 animal skin (worn)
Potions
 c - a potion of curing
 e - a potion of haste
 f - 2 potions of magic
 g - a potion of berserk rage


   Skills:
 + Level 6.7 Fighting
 + Level 7.4 Axes
 + Level 3.4 Armour
 + Level 2.9 Dodging


You had 3 spell levels left.
You didn't know any spells.
Your spell library was empty.

Dungeon Overview and Level Annotations

Branches:
Dungeon (1/1)

Altars:


Message History

The black bear bites you.
* * * LOW HITPOINT WARNING * * *
The black bear closely misses you. The black bear claws you.
* * * LOW HITPOINT WARNING * * *
The black bear closely misses you. The black bear barely misses you.
The black bear claws you.
* * * LOW HITPOINT WARNING * * *
You hit the black bear.
The black bear is almost dead.
The black bear bites you.
* * * LOW HITPOINT WARNING * * *
The black bear barely misses you. The black bear claws you.
* * * LOW HITPOINT WARNING * * *
Unknown command.
You hit the black bear.
The black bear is almost dead.
The black bear barely misses you. The black bear completely misses you.
The black bear closely misses you.
The black bear bites you but does no damage.
The black bear barely misses you. x2
You barely miss the black bear.
The black bear is almost dead.
Your skin stops crawling.
You feel less strong-willed.
The black bear goes berserk!
You feel much better. The black bear bites you!
The black bear closely misses you. The black bear claws you.
* * * LOW HITPOINT WARNING * * *
The black bear bites you.
* * * LOW HITPOINT WARNING * * *
The black bear claws you.
* * * LOW HITPOINT WARNING * * *
The black bear misses you.
You completely miss the black bear.
The black bear is almost dead.
The black bear misses you.
The black bear claws you but does no damage.
The black bear barely misses you.
The black bear bites you but does no damage.
The black bear claws you.
You die...

▓▓▓
▓@▓
▓h▓
▓s▓
▓.▓
▓)▓
▓.▓
▓.▓
▓.▓
▓.▓


You could see a black bear (berserk) and a scorpion.

Vanquished Creatures
  A gnoll sergeant (D)
  A worm (D)
  2 bats (D)
  An endoplasm (D)
  2 kobolds (D)
  A quokka (D)
8 creatures vanquished.

Notes
Turn   | Place    | Note
-------+----------+-------------------------------------------
     0 | D        | sircluck the Hill Orc Berserker began the quest for the
                  | Orb.
     0 | D        | Reached XP level 1. HP: 19/19 MP: 1/1
     9 | D        | Reached ** piety under Trog
    31 | D        | Reached skill level 5 in Axes
    31 | D        | Reached XP level 2. HP: 27/28 MP: 2/2
    32 | D        | Noticed a gnoll sergeant
    32 | D        | Noticed a black bear
    32 | D        | Noticed a scorpion
    41 | D        | Reached *** piety under Trog
    48 | D        | Killed a gnoll sergeant
    49 | D        | Reached skill level 7 in Axes
    49 | D        | Reached XP level 3. HP: 24/38 MP: 3/3
    49 | D        | Reached XP level 4. HP: 28/45 MP: 4/4
    66 | D        | Slain by a black bear

Illustrated notes

Levels and vault maps discovered:
D:        linesprint [early_d, line_temple, items_1, d_10, items_2, lair_1,
          lair_end, items_3, orc_1, orc_end, items_4, d_15, swamp_1, shoals_1,
          snake_1, spider_1, d_20, vaults_1, items_5, swamp_end, shoals_end,
          snake_end, spider_end, vaults_end, d_27, items_6, zot_1, zot_end,
          crypt_end, forest_end, elf_end, slime_end, tomb_end, abyss_end,
          pan_hell_end]

Skill      XL: |  1  2 |
---------------+-------+-----
Fighting       | 4 6 |  6.7
Axes           | 5 7 |  7.4
Dodging        | 2 |  2.9
Armour         | 3 |  3.4

Action                     |  1- 3 |  4- 6 || total
---------------------------+-------+-------++-------
  Melee: Hand axe          |    36 |     9 ||    45
 Invoke: Berserk           |     1 |       ||     1
         Trog's Hand       |       |     1 ||     1
    Use: Scroll            |       |     1 ||     1
         Potion            |       |     1 ||     1
 Armour: Animal skin       |    12 |     4 ||    16
  Dodge: Dodged            |    31 |    23 ||    54

Table legend: (Time is in decaauts)
 A = Elapsed time spent in this place.
 B = Non-inter-level travel time spent in this place.
 C = Inter-level travel time spent in this place.
 D = Time resting spent in this place.
 E = Time spent auto-exploring this place.
 F = Levels seen in this place.
 G = Mean time per level.
                   A        B        C        D        E       F      G
               +--------+--------+--------+--------+--------+-----+--------+
         Total |     71 |     71 |      0 |      0 |      3 |   1 |   71.0 |
       Dungeon |     71 |     71 |      0 |      0 |      3 |   1 |   71.0 |
               +--------+--------+--------+--------+--------+-----+--------+

Top non-repeatable levels by time:
       D: 71 daAuts
